 Dungeon Crawl Stone Soup version 0.30.0-29-ga12c61a403 (webtiles) character file.

Game seed: 5497324578107640448

364128 Dadbod the Wrestler (level 21, -13/291 (295) HPs)
             Began as a Troll Artificer on June 20, 2023.
             Was the Champion of Trog.
             Killed from afar by a black draconian knight (14 damage)
             ... with a bolt of lightning
             ... on level 3 of the Abyss on June 21, 2023.
             The game lasted 04:12:04 (41508 turns).

Dadbod the Wrestler (Troll Artificer)              Turns: 41508, Time: 04:12:05

HP:   -13/291 (295) AC: 30    Str: 31    XL:     21   Next: 55%
MP:   20/20         EV: 14    Int:  8    God:    Trog [******]
Gold: 2388          SH: 22    Dex: 20    Spells: 17/20 levels left

rFire   + .          .
                       - Unarmed
rCold   + + .        m - +2 kite shield of the Accordion {rElec rC+ Regen+}
rNeg    + . .        V - +8 pearl dragon scales "Ese Lett" {rF+ rN+ Will+}
rPois   +            c - +2 hood of the Assassin {Detect Stab+ Stlth++}
rElec   +            q - +2 cloak of the Thief {*Fog Slay-2 SInv Stlth+}
rCorr   .            (gloves unavailable)
SInv    +            (boots unavailable)
Will    ++++.        J - amulet "Xiphet" {Reflect rC+ SH+5} Stlth
                     S - +6 ring of dexterity
HPRegen 3.28/turn    O - ring "Egeewaxu" {rPois Str+3 Int+3}
MPRegen 0.17/turn

%: reflection
@: berserking (expiring), strong-willed (expiring), regenerating (expiring),
hasted, lightly drained, unable to read, very quick
A: large, unfitting armour, claws 3, regeneration 1, shaggy fur 1, tough skin 1,
clumsy 1, [dopey 1], [screaming 1], [subdued magic 2], [inability to read after
injury 1]
}: 2/15 runes: serpentine, barnacled
a: Renounce Religion, Berserk, Trog's Hand, Brothers in Arms


You were on level 3 of the Abyss.
You worshipped Trog.
Trog was exalted by your worship.
You visited 8 branches of the dungeon, and saw 36 of its levels.
You visited the Abyss 1 time.
You also visited: Trove, Ossuary and Gauntlet.

You collected 4354 gold pieces.
You spent 1966 gold pieces at shops.

Inventory:

Missiles
 b - a throwing net
 t - 9 atropa-tipped darts
 G - 21 boomerangs
 I - 26 large rocks
 U - 10 curare-tipped darts
 X - 11 javelins (quivered)
Armour
 c - the +2 hood of the Assassin (worn) {Detect Stab+ Stlth++}
   (You acquired it on level 4 of the Vaults)

   Detect:    It allows the wearer to sense nearby creatures.
   Stab+:     It allows the wearer to make particularly effective stabbing
   attacks against helpless or unaware enemies with any weapon.
   Stlth:     It makes you much more stealthy.
 m - the +2 kite shield of the Accordion (worn) {rElec rC+ Regen+}
   (You found it in a Gauntlet)

   rC:        It protects you from cold.
   rElec:     It insulates you from electricity.
   Regen:     It increases your rate of health regeneration.
 q - the +2 cloak of the Thief (worn) {*Fog Slay-2 SInv Stlth+}
   (You found it on level 1 of the Snake Pit)

   *Fog:      It may release a thick cloud of smoke when the wearer is hurt.
   Slay:      It affects your accuracy & damage with ranged weapons and melee
   (-2).
   SInv:      It lets you see invisible.
   Stlth:     It makes you more stealthy.
 w - the +0 cloak of Grace {Regen+ Str+3 Int+2}
   (You found it in a treasure trove)

   Str:       It affects your strength (+3).
   Int:       It affects your intelligence (+2).
   Regen:     It increases your rate of health regeneration.
 Q - the +2 hat "Rofos" {rC+ rN+++ Int+3 Stlth-}
   (You found it in a treasure trove)

   Int:       It affects your intelligence (+3).
   rC:        It protects you from cold.
   rN:        It renders you almost immune to negative energy.
   Stlth:     It makes you less stealthy.
 T - the +18 shield of the Gong {Loud rN+ Will+ rCorr EV-5}
   (You found it in a treasure trove)

   Loud:      It is deafeningly noisy when blocking attacks.
   EV:        It affects your evasion (-5).
   rN:        It protects you from negative energy.
   rCorr:     It protects you from acid and corrosion.
   Will:      It increases your willpower.
 V - the +8 pearl dragon scales "Ese Lett" (worn) {rF+ rN+ Will+}
   (You found it in a treasure trove)

   rF:        It protects you from fire.
   rN:        It protects you from negative energy.
   Will:      It increases your willpower.
 W - the scarf of Insecurity {repulsion, Drain rC+ Str+3 Dex+2}
   (You found it in a treasure trove)

   Str:       It affects your strength (+3).
   Dex:       It affects your dexterity (+2).
   rC:        It protects you from cold.
   Drain:     It drains your maximum health when unequipped.
Jewellery
 f - a ring of flight
 y - the ring of Zoisoq {rPois Str+6 Int-5 SInv}
   (You took it off an orc wizard on level 6 of the Dungeon)

   [ring of see invisible]

   Str:       It affects your strength (+6).
   Int:       It affects your intelligence (-5).
   rPois:     It protects you from poison.
   SInv:      It lets you see invisible.
 J - the amulet "Xiphet" (around neck) {Reflect rC+ SH+5}
   (You bought it in a shop on level 11 of the Dungeon)

   [amulet of reflection]

   It reflects blocked missile attacks.
   rC:        It protects you from cold.
   SH:        It affects your SH (+5).
 K - a +4 ring of protection
 O - the ring "Egeewaxu" (right claw) {rPois Str+3 Int+3}
   (You bought it in a shop on level 3 of the Snake Pit)

   [ring of poison resistance]

   Str:       It affects your strength (+3).
   Int:       It affects your intelligence (+3).
   rPois:     It protects you from poison.
 S - a +6 ring of dexterity (left claw)
Wands
 d - a wand of charming (26)
 e - a wand of iceblast (3)
 j - a wand of digging (7)
 l - a wand of acid (20)
 L - a wand of roots (35)
 M - a wand of mindburst (17)
Scrolls
 i - 24 scrolls of teleportation
 o - 7 scrolls of fear
 p - 4 scrolls of silence
 r - 6 scrolls of fog
 s - a scroll of immolation
 x - 8 scrolls of poison
 A - 4 scrolls of blinking
 B - 8 scrolls of enchant armour
 F - 8 scrolls of magic mapping
 Z - 6 scrolls of enchant weapon
Potions
 g - 9 potions of heal wounds
 h - 4 potions of resistance
 n - a potion of haste
 u - 3 potions of lignification
 v - a potion of invisibility
 z - a potion of cancellation
 D - 4 potions of might
 E - 5 potions of mutation
 P - 19 potions of curing
 R - 5 potions of berserk rage
Miscellaneous
 a - a phial of floods
 k - a tin of tremorstones (2/2)
 C - a phantom mirror (inert)
 H - a lightning rod (inert)
 N - a box of beasts (inert)


   Skills:
 - Level 9.9 Fighting
 - Level 3.7 Axes
 + Level 12.5 Throwing
 - Level 10.0 Armour
 - Level 9.9 Dodging
 - Level 5.3 Stealth
 - Level 17.3 Shields
 - Level 22.9 Unarmed Combat
 - Level 8.6 Evocations


You had 17 spell levels left.
You knew the following spells:

 Your Spells              Type           Power      Damage    Failure   Level
a - Swiftness             Air            0%         N/A       96%         3

Your spell library contained the following spells:

 Spells                   Type           Power      Damage    Failure   Level
 Foxfire                  Conj/Fire      0%         2x1d4     67%         1
 Ensorcelled Hibernation  Hex/Ice        0%         N/A       80%         2
 Passwall                 Tmut/Erth      0%         N/A       80%         2
 Poisonous Vapours        Pois/Air       0%         N/A       80%         2
 Mephitic Cloud           Conj/Pois/Air  0%         N/A       96%         3
 Flame Wave               Conj/Fire      0%         2d4       100%        4
 Freezing Cloud           Conj/Ice/Air   0%         6-21      100%        5
 Plasma Beam              Fire/Air       0%         2x1d11    100%        6
 Starburst                Conj/Fire      0%         6d3       100%        6


Dungeon Overview and Level Annotations

Branches:
Dungeon (13/15)            Temple (1/1) D:6            Lair (5/5) D:10
 Shoals (4/4) Lair:3        Snake (4/4) Lair:3        Slime (0/5) Lair:5
    Orc (2/2) D:11            Elf (3/3) Orc:2        Vaults (4/5) D:13
  Crypt (0/3) Vaults:2    Ossuary (visited)         Gauntlet (visited)

Altars:
Ashenzari
Cheibriados
Dithmenos
Elyvilon
Fedhas
Gozag
Hepliaklqana
Kikubaaqudgha
Makhleb
Nemelex Xobeh
Okawaru
Qazlal
Ru
Sif Muna
Trog
Uskayaw
Vehumet
Wu Jian
Xom
Yredelemnul
Zin
The Shining One
Lugonu

Shops:
D:4 !   D:9 [   D:11 =   Orc:2 !![:   Shoals:1 [   Shoals:3 (*   Snake:1 =(
Snake:2 *   Snake:3 ?*   Vaults:2 [   Vaults:3 **(!   Vaults:4 ?

Portals:
Abyss: D:6

Annotations:
D:13 3 runed translucent doors, turdburglar's ghost, journeyman MiFi
Shoals:3 3 runed translucent doors, Dakuasitz's ghost, adept FoFi


Innate Abilities, Weirdness & Mutations

You are too large for most types of armour.
You have claws for hands.
Your natural rate of healing is unusually fast.
You are covered in fur. (AC +1)
You have tough skin. (AC +1)
You are clumsy. (Dex -2)
[You are dopey. (Int -2)]
[You occasionally shout uncontrollably at your foes.]
[Your spells are easier to cast, but less powerful.]
[You occasionally lose the ability to read scrolls when taking damage.]


Message History

Unknown command.
Unknown command.
Unknown command.
Unknown command.
You barely miss the black draconian knight.
You feel the effects of Trog's Hand fading.
You block the black draconian knight's attack.
Unknown command.
Unknown command.
Unknown command.
Unknown command.
Unknown command.
The black draconian knight blocks your attack.
You block the starcursed mass's attack.
Unknown command.
Unknown command.
Unknown command.
Unknown command.
Unknown command.
You completely miss the black draconian knight.
Your stone giant hits the black draconian knight!!
You block the black draconian knight's attack.
The black draconian knight hits your stone giant with a +0 war axe!!
Unknown command.
Unknown command.
Unknown command.
Unknown command.
The black draconian knight blocks your attack.
The black draconian knight is moderately wounded.
The starcursed mass shrieks in your mind.
* * * LOW HITPOINT WARNING * * *
The eidolon stares piercingly at you. The bolt of negative energy hits you!
You partially resist.
You feel drained.
* * * LOW HITPOINT WARNING * * *
The black draconian knight blocks your stone giant's attack.
The black draconian knight breathes lightning at you.
The bolt of lightning hits you. You resist.
* * * LOW HITPOINT WARNING * * *
The bolt of lightning hits you! You resist.
You die...

# # # #. { { ##
X.#.##### ##.##
#_#....##...(
#..⌠###...# .
###§.#W.Xq(#.#..
. .. #
.#..@C......
....#.).#.....#
# . .##..# ..(.#
#.. ...#....
.... #.
#...#...#. .
.... ##..# .## #
. ##. #... . ..
. .#φ... . # . #
##### #


You could see a starcursed mass, a black draconian knight (fast, catching
breath, ally target), an eidolon and a friendly stone giant (summoned, berserk,
misshapen, sick).

Vanquished Creatures
  Vashnia (Snake:4)
  Bai Suzhen (Shoals:3)
  Saint Roka (Orc:1)
  A tentacled monstrosity (Vaults:4)
  4 krakens
  A tentacled starspawn (Abyss:3)
  Agnes (Elf:2)
  Donald (Orc:1)
  5 sphinxes
  Ilsuiw (Shoals:1)
  2 nagarajas (Snake:4)
  Aizul (Vaults:4)
  13 vault wardens
  3 deep elf sorcerers
  4 orc warlords
  12 ironbound preservers
  2 war gargoyles
  2 stone giants
  17 very ugly things
  3 ironbound thunderhulks
  5 dire elephants
  3 minotaurs
  2 deep elf death magi (Elf:2)
  The ghost of NotreDorf the Nimble, a journeyman MfHW of Vehumet (D:12)
  A merfolk javelineer (Shoals:3)
  5 merfolk impalers
  2 crystal guardians
  3 great orbs of eyes
  Fannar (Lair:3)
  12 yaktaur captains
  A deep elf high priest (Elf:1)
  A fire dragon (Lair:5)
  7 vault guards
  2 entropy weavers (Vaults:1)
  3 peacekeepers
  6 salamander tyrants
  An ogre mage (Vaults:4)
  2 catoblepae
  2 hydras (Lair:5)
  4 merfolk avatars
  19 centaur warriors
  6 ironbound frosthearts
  9 anacondas
  5 boulder beetles
  3 merfolk aquamancers
  The ghost of bronco the Gelid, a journeyman DEIE of Sif Muna (Lair:4)
  10 two-headed ogres
  An alligator snapping turtle (Shoals:4)
  26 dancing weapons
  14 satyrs
  14 death yaks
  A thrashing horror (Abyss:3)
  7 naga warriors
  9 orc high priests
  6 shock serpents
  18 naga sharpshooters
  Nergalle (D:12)
  A fire crab (shapeshifter) (Elf:2)
  A fire crab (Shoals:3)
  6 salamander mystics
  3 wretched stars (Abyss:3)
  5 skysharks
  16 deep elf knights
  2 sixfirhies
  10 skeletal warriors
  A sea snake (shapeshifter) (D:13)
  30 deep trolls
  8 sea snakes
  A deep troll (shapeshifter) (Vaults:2)
  A phantasmal warrior (Vaults:2)
  4 naga ritualists
  5 wizards
  17 ironbound convokers
  14 lindwurms
  10 deep elf archers
  A swamp dragon (Lair:5)
  Pikel (D:7)
  17 harpies
  An orange crystal statue (Lair:4)
  13 orc knights
  2 stone giant zombies
  5 necromancers
  27 deep elf pyromancers
  14 ugly things
  A shadow dragon skeleton (Vaults:4)
  7 mana vipers
  A tengu skeleton (Vaults:4)
  7 cyclopes
  An oklob plant (Lair:5)
  23 fauns
  17 salamanders
  20 deep elf zephyrmancers
  10 manticores
  43 black mambas
  2 human skeletons
  7 merfolk sirens
  7 guardian serpents
  15 vault sentinels
  A fire giant skeleton (Vaults:2)
  23 naga magi
  A titan simulacrum (Vaults:3)
  Joseph (D:8)
  3 smoke demons
  A water nymph (Shoals:4)
  4 gargoyles
  2 elephants (Gauntlet)
  A water nymph (shapeshifter) (Vaults:4)
  Maggie (D:7)
  An elf skeleton (Vaults:3)
  9 cane toads
  2 torpor snails
  2 unseen horrors
  Psyche (D:9)
  4 rime drakes
  26 yaktaurs
  10 komodo dragons
  6 kobold demonologists
  A yaktaur skeleton (Vaults:4)
  4 trolls
  2 meliai
  A queen bee (Lair:4)
  25 merfolk
  10 polar bears (Lair:5)
  The ghost of TrollFarmer the Caller, a novice FeSu (D:6)
  6 wind drakes
  7 snapping turtles
  3 raiju
  A human simulacrum (Vaults:2)
  3 hornets
  5 blink frogs (Lair:5)
  5 dream sheep
  A jumping spider (Vaults:1)
  28 slime creatures
  2 air elementals (Elf:1)
  13 water elementals
  2 shadows
  69 yaks
  7 wraiths
  A large abomination (Abyss:3)
  A flying skull (Abyss:3)
  3 wyverns
  A fire elemental (Elf:2)
  2 fire bats (Shoals:3)
  6 steam dragons
  A golden eye (shapeshifter) (Elf:3)
  18 starcursed masses (Abyss:3)
  2 redbacks (Vaults:1)
  11 basilisks
  6 vampire mosquitoes
  13 wargs
  A neqoxec (Abyss:3)
  Menkaure (D:7)
  Edmund (D:6)
  32 nagas
  5 swamp worms (D:10)
  3 acid dragons
  A swamp drake (Lair:5)
  13 hell hounds (Lair:5)
  25 orc warriors
  16 water moccasins
  2 ice beasts
  11 black bears (Lair:5)
  3 sky beasts
  8 ogres
  4 boggarts (Vaults:1)
  28 wolves
  10 centaurs
  A lemure (D:7)
  A phantom (D:6)
  2 kobold brigands
  5 elf zombies (Ossuary)
  17 bullfrogs
  2 gnoll sergeants
  2 earth elementals
  A scorpion (D:6)
  6 wights
  9 killer bees
  6 howler monkeys
  An electric eel (D:9)
  3 lava snakes (Lair:3)
  3 small abominations
  3 human zombies (Ossuary)
  40 orc priests
  4 centaur zombies (Ossuary)
  A jelly (D:7)
  A quasit (Abyss:3)
  2 hounds
  A gnoll bouda (D:10)
  7 iguanas
  22 orc wizards
  2 yak simulacra (Lair:4)
  7 wolf simulacra (Lair:4)
  3 mummies (Ossuary)
  7 gnolls
  A river rat (Lair:1)
  7 adders
  A shadow imp (D:7)
  A white imp (D:6)
  3 ufetubi
  2 worms
  6 dart slugs
  80 orcs
  9 bats
  5 endoplasms
  5 giant cockroaches
  9 goblins
  10 hobgoblins
  9 jackals
  8 quokkas
  4 ball pythons
  5 frilled lizards
  6 kobolds
  6 rats
  2 river rat simulacra (Lair:4)
  2 starspawn tentacles (Abyss:3)
  13 tentacles
1544 creatures vanquished.

Vanquished Creatures (collateral kills)
  Nikola (Snake:3)
  2 tentacled starspawn (Abyss:3)
  A nagaraja (Snake:4)
  A dancing weapon (Elf:2)
  3 naga warriors
  A shock serpent (Snake:4)
  3 naga sharpshooters
  A wretched star (Abyss:3)
  A naga ritualist (Snake:2)
  A necromancer (Gauntlet)
  A salamander (Snake:3)
  4 black mambas
  3 naga magi
  A tormentor (Abyss:3)
  A starcursed mass (Abyss:3)
  3 nagas (Snake:2)
  A small abomination (Abyss:3)
  A water moccasin (D:5)
  A wolf (Gauntlet)
31 creatures vanquished.

Vanquished Creatures (others)
  A deep elf knight (Elf:3)
  An orc knight (Vaults:3)
  A manticore (Shoals:2)
  A water elemental (Elf:1)
  An orc warrior (D:11)
  A sky beast (D:11)
  A howler monkey (D:12)
  A starcursed mass (Abyss:3)
  8 starspawn tentacles (Abyss:3)
  28 tentacles
44 creatures vanquished.

Grand Total: 1619 creatures vanquished

Notes
Turn   | Place    | Note
-------+----------+-------------------------------------------
     0 | D:1      | Dadbod the Troll Artificer began the quest for the Orb.
     0 | D:1      | Reached XP level 1. HP: 18/18 MP: 0/0
   312 | D:1      | Reached XP level 2. HP: 23/26 MP: 1/1
   357 | D:1      | Reached skill level 1 in Unarmed Combat
   599 | D:1      | Reached skill level 2 in Unarmed Combat
   603 | D:1      | Reached XP level 3. HP: 31/32 MP: 2/2
  1215 | D:2      | Reached skill level 3 in Unarmed Combat
  1335 | D:2      | Reached XP level 4. HP: 40/40 MP: 3/3
  1789 | D:3      | Reached skill level 1 in Throwing
  1913 | D:3      | Reached skill level 4 in Unarmed Combat
  1936 | D:3      | Reached XP level 5. HP: 44/46 MP: 4/4
  2227 | D:3      | Got the Codex of the Summer
  2676 | D:4      | Found Rilah's Distillery.
  3064 | D:4      | Reached skill level 5 in Unarmed Combat
  3064 | D:4      | Reached XP level 6. HP: 47/54 MP: 5/5
  3192 | D:5      | Entered Level 5 of the Dungeon
  3192 | D:5      | Noticed an ice beast
  3199 | D:5      | Killed an ice beast
  3200 | D:5      | Reached skill level 1 in Fighting
  3262 | D:5      | Reached skill level 6 in Unarmed Combat
  3304 | D:5      | Noticed a water moccasin
  3314 | D:5      | Killed a water moccasin
  3315 | D:5      | Reached XP level 7. HP: 49/62 MP: 6/6
  3470 | D:5      | Reached skill level 7 in Unarmed Combat
  4041 | D:6      | Identified the ring of Zoisoq {rPois Str+6 Int-5 SInv}
  4051 | D:6      | Reached skill level 8 in Unarmed Combat
  4054 | D:6      | Reached XP level 8. HP: 57/70 MP: 7/7
  4219 | D:6      | Noticed Edmund
  4230 | D:6      | Killed Edmund
  4248 | D:6      | Noticed a smoke demon
  4249 | D:6      | Noticed TrollFarmer's ghost (novice FeSu)
  4278 | D:6      | Found a staircase to the Ecumenical Temple.
  4292 | D:6      | Found a sand-covered staircase.
  4298 | Ossuary  | Entered an ossuary
  4313 | Ossuary  | Reached skill level 9 in Unarmed Combat
  4328 | Ossuary  | Reached skill level 1 in Armour
  4550 | D:6      | Reached XP level 9. HP: 83/83 MP: 8/8
  4803 | D:6      | Found a transporter.
  4862 | D:6      | Found a transporter.
  5189 | D:7      | Noticed Pikel
  5204 | D:7      | Killed Pikel
  5340 | D:7      | Reached skill level 10 in Unarmed Combat
  5423 | D:7      | Noticed Menkaure
  5429 | D:7      | Killed Menkaure
  5438 | D:7      | Identified the +2 leather armour "Poppuant" {+Blink}
  5511 | D:7      | Learned a level 3 spell: Swiftness
  5579 | D:7      | Noticed Maggie
  5612 | D:7      | Killed Maggie
  6140 | D:8      | Noticed Joseph
  6149 | D:8      | Killed Joseph
  6336 | D:8      | Reached XP level 10. HP: 90/92 MP: 9/9
  6364 | D:8      | Reached skill level 11 in Unarmed Combat
  6730 | Temple   | Entered the Ecumenical Temple
  6935 | Temple   | Became a worshipper of Trog the Wrathful
  7158 | D:9      | Reached skill level 1 in Stealth
  7183 | D:9      | Noticed a manticore
  7194 | D:9      | Noticed a boulder beetle
  7195 | D:9      | Killed a manticore
  7196 | D:9      | Reached skill level 12 in Unarmed Combat
  7217 | D:9      | Killed a boulder beetle
  7233 | D:9      | Reached skill level 5 in Armour
  7261 | D:9      | Noticed a cyclops
  7274 | D:9      | Killed a cyclops
  7672 | D:9      | Reached * piety under Trog
  7673 | D:9      | Reached XP level 11. HP: 94/101 MP: 10/10
  7675 | D:9      | Noticed a two-headed ogre
  7678 | D:9      | Noticed a centaur warrior
  7678 | D:9      | Noticed a two-headed ogre
  7690 | D:9      | Killed a centaur warrior
  7691 | D:9      | Reached skill level 13 in Unarmed Combat
  7696 | D:9      | Killed a two-headed ogre
  7701 | D:9      | Killed a two-headed ogre
  7890 | D:9      | Noticed Psyche
  7893 | D:9      | Found Tore's Armour Emporium.
  7900 | D:9      | Killed Psyche
  7901 | D:9      | Reached skill level 5 in Dodging
  8215 | D:10     | Entered Level 10 of the Dungeon
  8258 | D:10     | Found a transporter.
  8481 | D:10     | Found a staircase to the Lair.
  8608 | D:10     | Reached skill level 5 in Fighting
  8611 | D:10     | Found a transporter.
  8723 | D:10     | Reached ** piety under Trog
  8841 | D:10     | Reached skill level 14 in Unarmed Combat
  8912 | D:10     | Found a portal to a secret trove of treasure.
  8981 | D:10     | Found an ancient bone altar of Kikubaaqudgha.
  8998 | D:10     | Found a sparkling altar of Nemelex Xobeh.
  9000 | D:10     | Found a hide-covered altar of Uskayaw.
  9002 | D:10     | Found a sacrificial altar of Ru.
  9002 | D:10     | Found a shimmering altar of Xom.
  9003 | D:10     | Found a radiant altar of Vehumet.
  9005 | D:10     | Found a basalt altar of Yredelemnul.
  9157 | D:11     | Noticed a two-headed ogre
  9167 | D:11     | Killed a two-headed ogre
  9229 | D:11     | Noticed a skeletal warrior
  9230 | D:11     | Noticed a skeletal warrior
  9234 | D:11     | Noticed a skeletal warrior
  9243 | D:11     | Killed a skeletal warrior
  9244 | D:11     | Reached XP level 12. HP: 78/111 MP: 11/11
  9365 | Lair:1   | Entered Level 1 of the Lair of Beasts
  9491 | Lair:1   | Reached skill level 15 in Unarmed Combat
  9733 | Lair:1   | Noticed a death yak
  9737 | Lair:1   | Noticed a death yak
  9740 | Lair:1   | Noticed a death yak
  9741 | Lair:1   | Noticed a death yak
  9741 | Lair:1   | Noticed a death yak
  9744 | Lair:1   | Killed a death yak
  9745 | Lair:1   | Reached skill level 5 in Throwing
  9749 | Lair:1   | Killed a death yak
  9749 | Lair:1   | Reached *** piety under Trog
  9760 | Lair:1   | Killed a death yak
  9769 | Lair:1   | Killed a death yak
  9772 | Lair:1   | Killed a death yak
 10901 | Lair:2   | Reached XP level 13. HP: 105/120 MP: 12/12
 10979 | Lair:3   | Noticed Fannar
 11027 | Lair:3   | Killed Fannar
 11028 | Lair:3   | Reached skill level 16 in Unarmed Combat
 11146 | Lair:3   | Found a staircase to the Shoals.
 11428 | D:10     | You paid a toll of 6 scrolls of fog to enter a treasure
                  | trove
 11429 | Trove    | Entered a treasure trove
 11433 | Trove    | Identified the +8 pearl dragon scales "Ese Lett" {rF+ rN+
                  | Will+}
 11434 | Trove    | Identified the +0 cloak of Grace {Regen+ Str+3 Int+2}
 11448 | Trove    | Identified the scarf of Abstinence {harm, +Inv rF+ Stlth+}
 11459 | Trove    | Identified the +2 hat "Rofos" {rC+ rN+++ Int+3 Stlth-}
 11475 | Trove    | Identified the +0 robe of Pyafoxty {rF++}
 11480 | Trove    | Found the +18 shield of the Gong {Loud rN+ Will+ rCorr
                  | EV-5}
 11482 | Trove    | Identified the +3 kite shield "Pum Fada" {Int+3}
 11496 | Trove    | Identified the scarf of Insecurity {repulsion, Drain rC+
                  | Str+3 Dex+2}
 11774 | Lair:3   | Reached skill level 1 in Shields
 11790 | Lair:3   | Found a white marble altar of Elyvilon.
 11802 | Lair:3   | Reached **** piety under Trog
 12103 | Lair:3   | Found a staircase to the Snake Pit.
 12378 | Lair:4   | Noticed bronco's ghost (journeyman DEIE)
 12482 | Lair:4   | Reached skill level 5 in Shields
 12501 | Lair:4   | Found a gate leading to a gauntlet.
 12510 | Gauntlet | Entered a Gauntlet
 12510 | Gauntlet | Found a transporter.
 12510 | Gauntlet | Found a transporter.
 12510 | Gauntlet | Found a transporter.
 12510 | Gauntlet | Found a transporter.
 12514 | Gauntlet | Found a transporter.
 12514 | Gauntlet | Found a transporter.
 12525 | Gauntlet | Found a transporter.
 12528 | Gauntlet | Found a transporter.
 12528 | Gauntlet | Found a transporter.
 12528 | Gauntlet | Found a transporter.
 12531 | Gauntlet | Noticed a dire elephant
 12542 | Gauntlet | Found a transporter.
 12657 | Gauntlet | Found a transporter.
 12841 | Gauntlet | Killed a dire elephant
 12872 | Gauntlet | Noticed a minotaur
 12884 | Gauntlet | Killed a minotaur
 12897 | Gauntlet | Identified the +0 ring mail of Salut {Rampage +Blink}
 12897 | Gauntlet | Identified the +2 kite shield of the Accordion {rElec rC+
                  | Regen+}
 13092 | Lair:4   | Found a transporter.
 13096 | Lair:4   | Found a transporter.
 13317 | Lair:4   | Reached ***** piety under Trog
 13620 | Lair:5   | Entered Level 5 of the Lair of Beasts
 13735 | Lair:5   | Reached XP level 14. HP: 128/128 MP: 13/13
 13808 | Lair:5   | Received a gift from Trog
 13887 | Lair:5   | Reached skill level 10 in Shields
 14077 | Lair:5   | Found a staircase to the Slime Pits.
 14525 | Lair:5   | Received a gift from Trog
 15225 | D:12     | Noticed Nergalle
 15254 | D:11     | Reached skill level 17 in Unarmed Combat
 15447 | D:11     | Reached XP level 15. HP: 137/137 MP: 14/14
 15499 | D:11     | Received a gift from Trog
 15640 | D:11     | Found a staircase to the Orcish Mines.
 15658 | D:11     | Found Lunla's Jewellery Shoppe.
 16399 | D:12     | Reached skill level 5 in Evocations
 16427 | D:12     | Killed Nergalle
 16462 | D:12     | Found a runed translucent door.
 16462 | D:12     | Found a shimmering altar of Xom.
 16462 | D:12     | Noticed NotreDorf's ghost (journeyman MfHW)
 16462 | D:12     | Identified the +6 quarterstaff of Vengeance {chaos, rF- rC+
                  | Will+}
 16705 | Orc:1    | Entered Level 1 of the Orcish Mines
 16742 | D:11     | Bought the amulet "Xiphet" {Reflect rC+ SH+5} for 616 gold
                  | pieces
 16851 | Orc:2    | Entered Level 2 of the Orcish Mines
 17080 | Orc:2    | Reached ****** piety under Trog
 17095 | Orc:2    | Noticed Donald
 17255 | Orc:1    | Killed Donald
 17299 | Orc:2    | Noticed Saint Roka
 17320 | Orc:1    | Killed Saint Roka
 17443 | Orc:2    | Received a gift from Trog
 17869 | Orc:2    | Found a staircase to the Elven Halls.
 18032 | Orc:2    | Found Yrunk's Distillery.
 18032 | Orc:2    | Found Waathr Itsi's Distillery.
 18075 | Orc:2    | Found Tiewn's Book Boutique.
 18075 | Orc:2    | Found Kaisch Jooth's Antique Armour Shoppe.
 18726 | D:6      | Found a one-way gate to the infinite horrors of the Abyss.
 18768 | D:6      | Killed TrollFarmer's ghost
 18999 | D:10     | Identified the +1 hat of Protective Custody {Contam rF+
                  | rN+}
 19202 | Lair:4   | Killed bronco's ghost
 19314 | Lair:4   | Identified the +1 short sword of the Endless Bones {heavy,
                  | rF+}
 19565 | D:12     | Killed NotreDorf's ghost
 19663 | D:13     | Received a gift from Trog
 19898 | D:13     | Found a shimmering altar of Xom.
 19914 | D:13     | Found a gate to the Vaults.
 20245 | D:13     | Found a runed translucent gate.
 20245 | D:13     | Found a runed translucent gate.
 20245 | D:13     | Found a runed translucent gate.
 20245 | D:13     | Noticed turdburglar's ghost (journeyman MiFi)
 20346 | D:13     | Reached skill level 18 in Unarmed Combat
 20359 | D:13     | Found an iron altar of Okawaru.
 20375 | D:13     | Found a corrupted altar of Lugonu.
 20581 | Elf:1    | Entered Level 1 of the Elven Halls
 20928 | Snake:1  | Entered Level 1 of the Snake Pit
 21169 | Snake:1  | Reached XP level 16. HP: 134/149 MP: 15/15
 21299 | Snake:1  | Found Xuozxel's Antique Weapon Boutique.
 21500 | Snake:1  | Found Wuikhyle's Jewellery Emporium.
 21510 | Snake:1  | Found the +2 cloak of the Thief {*Fog Slay-2 SInv Stlth+}
 21805 | Snake:2  | Received a gift from Trog
 22014 | Snake:2  | Identified the +2 ring mail "Ifriedi" {Harm rF+ rN+ SInv}
 22286 | Snake:2  | Found Hieqam's Neck Hole.
 22975 | Snake:3  | Found Laqo's Magic Scroll Boutique.
 22977 | Snake:3  | Found Pafry's General Store.
 23079 | Snake:3  | Noticed Nikola
 23157 | Shoals:1 | Entered Level 1 of the Shoals
 23298 | Lair:3   | Received a gift from Trog
 23979 | Elf:1    | Found an ancient bone altar of Kikubaaqudgha.
 24516 | Elf:1    | Received a gift from Trog
 24533 | Elf:1    | Identified the +1 robe of the Sneaky Beasts {Rampage Regen+
                  | Int-2 Dex-5}
 24583 | Elf:1    | Paralysed by an air elemental for 1 turns
 24665 | Elf:1    | Reached XP level 17. HP: 158/158 MP: 16/16
 25164 | Snake:3  | Killed Nikola
 25165 | Snake:3  | Reached skill level 19 in Unarmed Combat
 25937 | Snake:4  | Entered Level 4 of the Snake Pit
 26119 | Snake:3  | Received a gift from Trog
 27032 | Snake:4  | Noticed Vashnia
 27050 | Snake:4  | Killed Vashnia
 27067 | Snake:4  | Received a gift from Trog
 27291 | Snake:4  | Reached skill level 10 in Throwing
 27298 | Snake:4  | Reached skill level 15 in Shields
 27410 | Snake:4  | Reached XP level 18. HP: 167/167 MP: 17/17
 27622 | Snake:4  | Got a serpentine rune of Zot
 27989 | Vaults:1 | Entered Level 1 of the Vaults
 28032 | Vaults:1 | Reached skill level 20 in Unarmed Combat
 28079 | Vaults:1 | Received a gift from Trog
 29231 | Vaults:1 | Identified the +6 double sword of Troll's Peril {heavy,
                  | rElec rF+ Will+ Str+3} (Trog gifted it to you on level 1 of
                  | the Vaults)
 29231 | Vaults:1 | Received a gift from Trog
 29734 | Shoals:1 | Found Sikandar's Dragon-Slaying Spoils.
 30374 | Shoals:2 | Noticed Ilsuiw
 30545 | Shoals:1 | Killed Ilsuiw
 31313 | Shoals:3 | Found Xitailon's Antique Weapon Boutique.
 31453 | Shoals:2 | Received a gift from Trog
 31608 | Shoals:2 | Reached XP level 19. HP: 76/176 MP: 18/18
 31979 | Shoals:3 | Found a runed translucent gate.
 31981 | Shoals:3 | Found a runed translucent gate.
 31982 | Shoals:3 | Found a runed translucent gate.
 31984 | Shoals:3 | Noticed Dakuasitz's ghost (adept FoFi)
 32164 | Shoals:3 | Found Ruwyiq's Assorted Antiques.
 32323 | Shoals:3 | Identified the +4 flail of the End {heavy, Will+}
 32357 | Shoals:3 | Reached skill level 21 in Unarmed Combat
 32611 | Shoals:4 | Entered Level 4 of the Shoals
 32744 | Shoals:4 | Received a gift from Trog
 33028 | Shoals:4 | Noticed Bai Suzhen
 33064 | Shoals:3 | Killed Bai Suzhen
 33398 | Shoals:4 | Got a barnacled rune of Zot
 34104 | Vaults:2 | Reached skill level 1 in Axes
 34218 | Vaults:2 | Received a gift from Trog
 34616 | Vaults:2 | Found Zexzuuti's Armour Shoppe.
 35013 | Vaults:2 | Found a staircase to the Crypt.
 35100 | Vaults:2 | Reached XP level 20. HP: 188/188 MP: 19/19
 35346 | Vaults:3 | Identified the +7 dire flail of Revolt {venom, rC+ Int+2}
 35463 | Vaults:3 | Received a gift from Trog
 35599 | Vaults:3 | Reached skill level 22 in Unarmed Combat
 35821 | Vaults:3 | Found Urapaic's General Store.
 35976 | Vaults:3 | Found Peorul's General Store.
 36254 | Vaults:3 | Received a gift from Trog
 36344 | Vaults:3 | Found Meqess's Distillery.
 36345 | Vaults:3 | Found Pereri's Antique Weapon Emporium.
 36686 | Vaults:4 | Found a transporter.
 36688 | Vaults:4 | Found Ibrokon's Magic Scroll Emporium.
 36741 | Vaults:4 | Found a transporter.
 37235 | Vaults:4 | Received a gift from Trog
 37637 | Vaults:4 | Noticed Aizul
 37667 | Vaults:4 | Killed Aizul
 37730 | Vaults:4 | Identified a scroll of acquirement
 37730 | Vaults:4 | Acquired the +2 hood of the Assassin {Detect Stab+ Stlth++}
 37730 | Vaults:4 | Found the +2 hood of the Assassin {Detect Stab+ Stlth++}
 37795 | Vaults:4 | Reached skill level 10 in Armour
 38430 | Snake:3  | Bought a scroll of enchant armour for 127 gold pieces
 38430 | Snake:3  | Bought the ring "Egeewaxu" {rPois Str+3 Int+3} for 673 gold
                  | pieces
 38430 | Snake:3  | Bought a scroll of magic mapping for 127 gold pieces
 39052 | Elf:3    | Entered Level 3 of the Elven Halls
 39223 | Elf:2    | Identified the +6 war axe of Goblin's Bane {heavy, Fragile
                  | Dex+5 Stlth+} (Trog gifted it to you on level 2 of the
                  | Elven Halls)
 39223 | Elf:2    | Received a gift from Trog
 39233 | Elf:2    | Reached XP level 21. HP: 162/172 MP: 20/20
 39419 | Elf:2    | Found a runed translucent gate.
 39420 | Elf:2    | Found a runed translucent gate.
 39420 | Elf:2    | Found a runed translucent gate.
 40063 | Elf:2    | Reached skill level 5 in Stealth
 40143 | Elf:2    | Noticed Agnes
 40155 | Elf:2    | Killed Agnes
 40210 | Elf:2    | Received a gift from Trog
 40791 | Vaults:3 | Bought a scroll of magic mapping for 135 gold pieces
 40791 | Vaults:3 | Bought a scroll of enchant armour for 135 gold pieces
 40791 | Vaults:3 | Bought 5 atropa-tipped darts for 81 gold pieces
 40791 | Vaults:3 | Bought a scroll of immolation for 72 gold pieces
 41341 | Abyss:3  | Cast into level 3 of the Abyss (a deep elf sorcerer)
 41387 | Abyss:3  | Gained mutation: You are clumsy. (Dex -2) [a neqoxec]
 41394 | Abyss:3  | Paralysed by accursed screaming for 1 turns
 41448 | Abyss:3  | Found a corrupted altar of Lugonu.
 41470 | Abyss:3  | Paralysed by accursed screaming for 2 turns
 41475 | Abyss:3  | Paralysed by accursed screaming for 2 turns
 41501 | Abyss:3  | Received a gift from Trog
 41508 | Abyss:3  | HP: 7/291 [eidolon/bolt of negative energy (9)]
 41508 | Abyss:3  | HP: 1/291 [black draconian knight/bolt of lightning (6)]
 41508 | Abyss:3  | Killed from afar by a black draconian knight

Illustrated notes

Levels and vault maps discovered:
D:1:      lightli_arrival_boilingwater, layout_basic, minmay_door_square
D:2:      layout_loops_ring, st_stairs_10
D:3:      layout_loops_ring, grunt_ministairs_10, fountainhead
D:4:      layout_loops_ring, serial_shops, shop, minmay_misc_feat_hallway,
          grunt_ministairs_15
D:5:      layout_basic, hex_intersection
D:6:      layout_basic, minmay_temple_entry_from_below_a,
          gammafunk_ghost_abyssal_escape, nicolae_ossuary_entry_plus,
          minmay_checkerbox, uniq_edmund
D:7:      layout_basic, uniq_pikel, uniq_maggie, uniq_menkaure
D:8:      layout_basic, ploomutoo_gammafunk_ghost_potion_laboratory, uniq_joseph
D:9:      nzn_winding_woodlands_medium [nzn_winding_woodlands_5x5_cross,
          nzn_winding_woodlands_5x15_crooked, nzn_winding_woodlands_hourglass,
          nzn_winding_woodlands_5x5_default,
          nzn_winding_woodlands_center_triple_pond,
          nzn_winding_woodlands_5x5_closed_star,
          nzn_winding_woodlands_5x5_open_star,
          nzn_winding_woodlands_5x15_river_crossing,
          nzn_winding_woodlands_5x5_checkerboard], layout_basic, serial_shops,
          shop, uniq_psyche
D:10:     gammafunk_worm_tunnel, layout_long_grid,
          nicolae_overflow_hallway_of_the_gods, erik_lair_dragon, enter_trove_1
D:11:     minmay_the_grid_3x2 [minmay_the_grid_all_tris,
          minmay_the_grid_holed_spiral, minmay_the_grid_tree,
          minmay_the_grid_zigzag_pyramid, minmay_the_grid_expand,
          minmay_the_grid_prize_four_corners_diamond_a], layout_basic,
          serial_shops, shop, hangedman_misty_isle
D:12:     layout_rooms, ebering_ghost_xom, uniq_nergalle
D:13:     kennysheep_kobold_lugonu_temple, layout_loops_ring, david_vaults_2,
          gammafunk_ghost_nasty_kobolds, minmay_gold_behind_fungi,
          hangedman_feature_mirror
Temple:   nicolae_temple_bog_church
Lair:1:   layout_roguey, pond, grunt_megastairs_3
Lair:2:   layout_big_grid, cheibrodos_lair_caveside_slide
Lair:3:   layout_loops_ring, shoals_dummy_entry,
          nicolae_snake_entry_warm_welcome, basic_altar, st_stairs_4,
          uniq_fannar
Lair:4:   statuecave_lemuel, layout_gridlike, gammafunk_ghost_hive,
          gauntlet_entry_generic, eino_house_with_fridge,
          infiniplex_staircase_pool
Lair:5:   guppyfry_lair_end_dragon, layout_small_grid,
          hangedman_lair_caniforms_friends, dpeg_slime_entry_enclosed,
          grunt_megastairs_4
Shoals:1: layout_shoals, nicolae_shop_dragon_depot,
          nicolae_shoals_circle_sea_wall
Shoals:2: layout_shoals, uniq_ilsuiw
Shoals:3: layout_shoals, gammafunk_ghost_tricky_traps, serial_shops,
          nicolae_shop_tiny_real_fake_doors, nicolae_shop_overgrown_old_shop,
          hangedman_shoal_volcano
Shoals:4: shoals_end_hellmonk_lost_city, uniq_bai_suzhen
Snake:1:  layout_grid_shapes, serial_shops, shop, nicolae_shop_behind_doors
Snake:2:  nicolae_snake_nest, layout_chambers, nicolae_shop_sticking_my_neck_out
Snake:3:  layout_grid_maze, nicolae_snake_round_shape_thing,
          serial_bayou_pond_c, minmay_shoptagon, uniq_nikola
Snake:4:  snake_pit_salamanders_mu, layout_misc_corridors, st_stairs_10,
          nicolae_snake_magic_snake_eye, uniq_vashnia
Orc:1:    layout_diamond_mine
Orc:2:    st_orc_town, layout_caves, uniq_donald, uniq_saint_roka
Elf:1:    nicolae_elf_arrival_fired_up, layout_geoelf_diagonals, basic_altar,
          kennysheep_underground_church, feat_on_display
Elf:2:    nicolae_elf_blades_crystal_corner, layout_loops_corners,
          lemuel_elevator, uniq_agnes
Elf:3:    minmay_elf_hall_curves, layout_geoelf_octagon
Vaults:1: nicolae_vaults_ring_of_whatevers,
          nicolae_vaults_offset_grid_hallway_4, vaults_mumra_minichess,
          vaults_room_stairs_pillars, v_alt_pattern_3, hangedman_vaults_trim,
          nicolae_vaults_more_shelving_2, ontoclasm_vaults_spin,
          nicolae_vaults_hallways_thing, nicolae_vaults_tetromino_T_2,
          nicolae_vaults_trapezoid_lopsided_3, v_misc_3,
          hangedman_vaults_corner_blocks, vaults_room_grid,
          nicolae_vaults_trapezoid_2, hangedman_vaults_capsules,
          layout_vaults_ring
Vaults:2: nicolae_vaults_little_squares_4, v_alt_pattern_5,
          ontoclasm_vaults_tryst, minmay_crypt_entry_simple_sparse, v_misc_26,
          v_misc_26, nicolae_vaults_stepped_doors,
          nicolae_vaults_taking_the_gang_shopping, nicolae_vaults_theta,
          nicolae_vaults_storage_room_glass, vaults_dpeg_emergency_exit,
          nicolae_vaults_turnstiles, v_misc_22, layout_vaults_maze_snakey
Vaults:3: nicolae_vaults_back_hallway, ontoclasm_vaults_ring_small,
          ontoclasm_vaults_twist, nicolae_vaults_mitosis,
          nicolae_vaults_tetromino_L_1, dpeg_vaults_hating_casters,
          nicolae_vaults_weapon_check, nicolae_vaults_rhombus_6,
          vaults_mumra_hexcomb, nicolae_vaults_mini_display_case,
          layout_vaults_omnibox, serial_shops, shop, shop, shop,
          nicolae_shop_back_alley_shop
Vaults:4: nicolae_vaults_storage_room_doors, nicolae_vaults_triangles,
          grunt_vaults_trifunnel, nicolae_vaults_offset_grid_hallway_1,
          nicolae_vaults_steering_wheel, nicolae_vaults_angled_halls,
          vaults_mumra_chevron, v_misc_12, vaults_dpeg_encased_lava,
          special_room_vaults [special_room_orc], v_misc_30,
          ontoclasm_vaults_misaligned, nicolae_vaults_specimen_jars,
          nicolae_vaults_diamond_2, nicolae_vaults_tetromino_Z_2,
          ontoclasm_vaults_hangar, layout_vaults_big_cross, serial_shops,
          nicolae_shop_drivethru, uniq_aizul, uniq_margery
Abyss:3:  base: D:9, nicolae_abyss_rune_star_stuff

Skill      XL: |  1  2  3  4  5  6  7  8  9 10 11 12 13 14 15 16 17 18 19 20 21 |
---------------+----------------------------------------------------------------+-----
Dodging        | 2 3 4 5 6 7 8 9 |  9.9
Unarmed Combat | 2 3 4 5 6 8 9 10 12 14 15 16 17 18 19 20 21 22 | 22.9
Throwing       | 1 2 3 4 7 8 9 10 11 12 | 12.5
Fighting       | 1 3 4 5 6 7 8 9 |  9.9
Armour         | 3 4 5 6 7 8 9 10 | 10.0
Stealth        | 1 2 5 |  5.3
Evocations     | 3 4 5 6 7 8 |  8.6
Shields        | 9 11 12 13 15 16 17 | 17.3
Axes           | 3 |  3.7

Action                     |  1- 3 |  4- 6 |  7- 9 | 10-12 | 13-15 | 16-18 | 19-21 || total
---------------------------+-------+-------+-------+-------+-------+-------+-------++-------
  Melee: Club              |    25 |       |       |       |       |       |       ||    25
         Unarmed           |   131 |   154 |   229 |   474 |  1430 |  1426 |  1432 ||  5276
         Punch             |       |       |    12 |    39 |     5 |       |       ||    56
  Throw: Stone             |       |     2 |     9 |       |       |       |       ||    11
         Dart              |       |       |     2 |     2 |     2 |       |     1 ||     7
         Boomerang         |       |       |       |    28 |    61 |    55 |    24 ||   168
         Javelin           |       |       |       |       |     3 |     9 |    15 ||    27
         Large rock        |       |       |       |       |     9 |    13 |    21 ||    43
 Invoke: Berserk           |       |       |       |     3 |     2 |    11 |     5 ||    21
         Brothers in Arms  |       |       |       |       |       |     5 |     2 ||     7
         Trog's Hand       |       |       |       |       |       |     4 |     1 ||     5
  Evoke: Wand              |       |     7 |    10 |     7 |     6 |     1 |     3 ||    34
         Lightning rod     |       |       |       |       |     2 |     3 |     8 ||    13
         Box of beasts     |       |       |       |       |       |     2 |     1 ||     3
         Phantom mirror    |       |       |       |       |       |       |     2 ||     2
    Use: Scroll            |     1 |     5 |     9 |     8 |     6 |     1 |     1 ||    31
         Potion            |       |     1 |     3 |     1 |     2 |     5 |     1 ||    13
   Stab: Sleeping          |     2 |     2 |       |     1 |       |       |    10 ||    15
         Petrified         |       |       |       |       |     3 |       |       ||     3
         Distracted        |       |       |       |       |       |     2 |     4 ||     6
         Invisible         |       |       |       |       |       |       |     1 ||     1
 Armour: Robe              |    70 |    47 |       |       |       |       |       ||   117
         Acid dragon scale |       |       |    50 |   145 |    31 |       |       ||   226
         Pearl dragon scal |       |       |       |       |   301 |   336 |   365 ||  1002
  Dodge: Dodged            |    78 |    97 |    73 |   183 |   131 |   213 |   254 ||  1029
         Repelled          |       |       |       |       |     7 |    12 |     2 ||    21
  Block: Kite shield       |       |       |       |       |  1563 |  2012 |  1106 ||  4681
         Reflection        |       |       |       |       |    59 |   252 |   135 ||   446
